 Dungeon Crawl Stone Soup version 0.30-a0-723-gc1506a1cf0 (webtiles) character file.

Game seed: 11502720653682696071

56 porpoise the Chopper (level 3, 0/29 HPs)
             Began as a Demonspawn Monk on Jan 29, 2023.
             Slain by a scorpion (4 damage)
             ... on level 3 of the Dungeon.
             The game lasted 00:05:43 (1911 turns).

porpoise the Chopper (Demonspawn Monk)              Turns: 1911, Time: 00:05:44

Health: 0/29       AC:  7    Str: 13    XL:     3   Next: 69%
Magic:  3/3        EV: 11    Int: 11    God:
Gold:   98         SH:  0    Dex: 15    Spells: 2/2 levels left

rFire   . . .      SeeInvis .    a - +0 hand axe
rCold   + . .      Faith    .    (no shield)
rNeg    . . .      Spirit   .    h - +0 ring mail
rPois   .          Reflect  .    q - +0 helmet
rElec   .          Harm     .    (no cloak)
rCorr   .          Rampage  .    (no gloves)
Will    .....                    (no boots)
Stlth   +                        (no amulet)
HPRegen 0.24/turn                l - ring of flight
MPRegen 0.08/turn                o - ring of protection from cold

@: lethally poisoned (0 -> -3), flying
A: rugged brown scales 1
a: no special abilities


You were on level 3 of the Dungeon.
You visited 1 branch of the dungeon, and saw 3 of its levels.

You collected 98 gold pieces.

Inventory:

Hand Weapons
 a - a +0 hand axe (weapon)
Missiles
 g - 2 boomerangs of dispersal
 p - 3 poisoned darts (quivered)
Armour
 h - a +0 ring mail (worn)
 q - a +0 helmet (worn)
Jewellery
 l - a ring of flight (left hand)
 o - a ring of protection from cold (right hand)
Wands
 i - a wand of iceblast (10)
Scrolls
 d - a scroll of amnesia {unknown}
 f - a scroll of enchant weapon {unknown}
 j - 2 scrolls of teleportation
 k - a scroll of fear {unknown}
 m - a scroll of vulnerability {unknown}
 n - a scroll of fog {unknown}
 r - a scroll of magic mapping {unknown}
Potions
 b - a potion of might
 c - a potion of ambrosia
 e - 2 potions of lignification


   Skills:
 + Level 3.6 Fighting
 * Level 3.8 Axes
 - Level 2.6 Dodging
 - Level 1.7 Stealth


You had 2 spell levels left.
You didn't know any spells.
Your spell library was empty.

Dungeon Overview and Level Annotations

Branches:
Dungeon (3/15)

Altars:


Innate Abilities, Weirdness & Mutations

You are partially covered in rugged brown scales. (AC +1, +3% HP)


Message History

The poisoned dart closely misses the scorpion.
Throw: 4 darts (poison)
Press: ? - help, Q - select action, (/) - cycle Shift-Dir - straight line, f/p - scorpion
Aim: a scorpion (moderately wounded, poisoned, 59% to hit)
You throw a poisoned dart.
The poisoned dart closely misses the scorpion.
You hit the scorpion.
The scorpion is heavily wounded.
The scorpion barely misses you.
You barely miss the scorpion.
The scorpion is heavily wounded.
The scorpion misses you.
You barely miss the scorpion.
The scorpion is heavily wounded.
The scorpion stings you. x2
You are poisoned.
The scorpion poisons you!
You hit the scorpion but do no damage.
The scorpion is severely wounded.
You feel very sick.
The scorpion looks more healthy.
The scorpion stings you.
You closely miss the scorpion.
The scorpion is severely wounded.
* * * LOW HITPOINT WARNING * * *
You feel very sick. The scorpion closely misses you.
You hit the scorpion.
The scorpion is almost dead.
* * * LOW HITPOINT WARNING * * *
You feel sick. The scorpion closely misses you.
The scorpion stings you but does no damage.
You closely miss the scorpion.
The scorpion is almost dead.
* * * LOW HITPOINT WARNING * * *
You feel sick. The scorpion closely misses you.
You barely miss the scorpion.
The scorpion is almost dead.
* * * LOW HITPOINT WARNING * * *
You feel sick. The scorpion stings you.
You die...

.# #####.#######
#####.........<...
#.....##.#.#.#....
#.##............#
#.##.###.#.#.#.#
#.##^##........#
#.##.###.#.#.#.#
#@##...........#
#s######.#>#.#.#
#.# #....)...# #.#
##.#.#.#.# #.#
#........# #(#
##.#.#.### #.#
#.......#
#(######.#.#.##
...#.......#


You could see a scorpion.

Vanquished Creatures
  An adder (D:3)
  A worm (D:2)
  3 ball pythons (D:1)
  6 endoplasms
  3 giant cockroaches
  3 goblins
  2 hobgoblins
  3 jackals (D:2)
  7 kobolds
  4 bats
  5 frilled lizards
  3 rats (D:1)
41 creatures vanquished.

Notes
Turn   | Place    | Note
-------+----------+-------------------------------------------
     0 | D:1      | porpoise the Demonspawn Monk began the quest for the Orb.
     0 | D:1      | Reached XP level 1. HP: 18/18 MP: 1/1
    95 | D:1      | Found a faded altar of an unknown god.
   323 | D:1      | Gained mutation: You are partially covered in rugged brown
                  | scales. (AC +1, +3% HP) [demonic ancestry]
   323 | D:1      | Reached XP level 2. HP: 18/24 MP: 2/2
  1210 | D:2      | Found Tyavayrgh's Book Shop.
  1271 | D:2      | Reached XP level 3. HP: 26/29 MP: 3/3
  1899 | D:3      | Noticed a scorpion
  1911 | D:3      | Slain by a scorpion

Illustrated notes

Levels and vault maps discovered:
D:1:      saegor_arrival_simple_a, layout_basic,
          ebering_ecumenical_altar_abandoned,
          nicolae_concentric_dashed_squares_wild, corexii_leaking_fountain
D:2:      layout_loops_cross, serial_shops, shop
D:3:      layout_loops_ring, roderic_serpentine_path, st_stairs_12

Skill      XL: |  1 |
---------------+----+-----
Axes           | 3 |  3.8
Fighting       | |  3.6
Dodging        | |  2.6
Stealth        | |  1.7

Action                     || total
---------------------------++-------
  Melee: Hand axe          ||   133
  Throw: Dart              ||     3
    Use: Scroll            ||     3
   Stab: Sleeping          ||     5
 Armour: Robe              ||     1
         Ring mail         ||    43
  Dodge: Dodged            ||    77

Table legend: (Time is in decaauts)
 A = Elapsed time spent in this place.
 B = Non-inter-level travel time spent in this place.
 C = Inter-level travel time spent in this place.
 D = Time resting spent in this place.
 E = Time spent auto-exploring this place.
 F = Levels seen in this place.
 G = Mean time per level.
                   A        B        C        D        E       F      G
               +--------+--------+--------+--------+--------+-----+--------+
         Total |   1928 |   1843 |     85 |     93 |   1375 |   3 |  642.7 |
       Dungeon |   1928 |   1843 |     85 |     93 |   1375 |   3 |  642.7 |
               +--------+--------+--------+--------+--------+-----+--------+

Top non-repeatable levels by time:
     D:1: 1088 daAuts
     D:2: 704 daAuts
     D:3: 135 daAuts
